 Dungeon Crawl Stone Soup version 0.19-a0-1907-gcff654f (webtiles) character file.

399 severens the Shield-Bearer (level 7, -2/54 HPs)
             Began as a Formicid Fighter on Oct 23, 2016.
             Slain by a bullfrog zombie (3 damage)
             ... on level 5 of the Dungeon.
             The game lasted 00:10:51 (3178 turns).

severens the Shield-Bearer (Formicid Fighter)       Turns: 3178, Time: 00:10:51

Health: -2/54      AC:  8    Str: 21    XL:     7   Next: 10%
Magic:  7/7        EV:  8    Int:  7    God:
Gold:   218        SH: 10    Dex: 12    Spells: 0 memorised, 6 levels left

rFire  . . .     SeeInvis +     a - +0 war axe
rCold  . . .     Gourm    .     b - +0 scale mail
rNeg   . . .     Faith    .     c - +0 shield
rPois  +         Spirit   .     (helmet unavailable)
rElec  .         Reflect  .     B - +0 cloak
rCorr  .         Harm     .     (no gloves)
MR     .....                    (no boots)
Stlth  ..........               (no amulet)
                                (no ring)
                                q - ring of poison resistance

@: no status effects
A: permanent stasis, dig shafts and tunnels, four strong arms, antennae 3
a: Dig, Shaft Self


You were on level 5 of the Dungeon.
You were not hungry.

You visited 1 branch of the dungeon, and saw 5 of its levels.

You collected 218 gold pieces.

Inventory:

Hand Weapons
 a - a +0 war axe (weapon)
 o - a +0 hand axe
 r - a +1 dagger of venom
 z - a +0 flail
Missiles
 t - 73 sling bullets
 y - 6 javelins (quivered)
Armour
 b - a +0 scale mail (worn)
 c - a +0 shield (worn)
 B - a +0 cloak (worn)
Jewellery
 q - a ring of poison resistance (left hand)
 w - an uncursed ring of ice
Scrolls
 e - 4 scrolls of magic mapping {unknown}
 g - a scroll of immolation {unknown}
 j - 3 scrolls of identify {unknown}
 k - a scroll of fear {unknown}
 m - 4 scrolls of teleportation {unknown}
 p - 2 scrolls of enchant armour {unknown}
 u - a scroll of blinking {unknown}
Potions
 d - a potion of might
 i - a potion of invisibility {unknown}
 s - 4 potions of heal wounds {unknown}
 v - 3 potions of curing {unknown}
 x - 2 potions of magic {unknown}
 A - a potion of flight {unknown}
 C - a potion of cure mutation {unknown}
Comestibles
 f - 5 bread rations
 l - 3 meat rations
 n - 2 beef jerkies


   Skills:
 * Level 4.0 Fighting
 * Level 4.9 Axes
 * Level 1.2 Throwing
 + Level 3.9 Armour
 + Level 0.5 Dodging
 * Level 5.7 Shields


You had 6 spell levels left.
You didn't know any spells.

Dungeon Overview and Level Annotations

Branches:
Dungeon (5/15)
 Temple: D:4-7

Altars:
Fedhas
Kikubaaqudgha
Makhleb
Sif Muna
Uskayaw


Innate Abilities, Weirdness & Mutations

You are under a permanent stasis effect.
You can dig through walls and to a lower floor.
Your four strong arms can wield two-handed weapons with a shield.
You have a pair of large antennae on your head. (SInv)


Message History

You hit the bullfrog zombie. You block the bullfrog zombie's attack.
The troll bites you! You block the troll's attack.
The troll claws you but does no damage.
You hit the troll.
The troll is lightly wounded.
You slash the bullfrog zombie! The bullfrog zombie hits you.
The troll bites you!
The troll claws you but does no damage. x2
The bullfrog zombie hits you. The troll bites you.
You block the troll's attack. x2
Are you sure you want to shaft yourself?
You feel quite a bit more hungry. You block the bullfrog zombie's attack.
The troll bites you. You block the troll's attack. The troll barely misses you.
You begin to dig a shaft.
You continue digging a shaft.
The bullfrog zombie hits you.
* * * LOW HITPOINT WARNING * * *
The troll bites you but does no damage. You block the troll's attack.
The troll claws you!
* * * LOW HITPOINT WARNING * * *
The bullfrog zombie hits you.
You die...

#.#.........###...#
#.#.......#...#.#.#
##.........###...#..
#....####### #......
###....##<... #......#
##....###..<...........
##.....##.......>.......
#......#................
#......@T.....(.........
#.#.....Z.(.(.....<.....
# #............
######.!..... .......
......# ....=.# ......#


You could see a troll and a bullfrog zombie.

Vanquished Creatures
  An ogre (D:5)
  A howler monkey (D:4)
  A crimson imp (D:3)
  A hound (D:4)
  A bullfrog skeleton (D:4)
  Natasha (D:4)
  A worker ant (D:4)
  6 adders
  2 worms (D:2)
  3 dart slugs
  2 leopard geckos
  2 orcs (D:3)
  3 giant cockroaches
  10 goblins
  4 hobgoblins
  8 jackals
  3 quokkas
  2 ball pythons (D:3)
  8 bats
  2 frilled lizards
  2 jackal skeletons (D:4)
  3 kobolds (D:3)
  A leopard gecko skeleton (D:4)
  8 rats
76 creatures vanquished.

Notes
Turn   | Place    | Note
-------+----------+-------------------------------------------
     0 | D:1      | severens the Formicid Fighter began the quest for the Orb.
     0 | D:1      | Reached XP level 1. HP: 18/18 MP: 1/1
   308 | D:1      | Reached XP level 2. HP: 24/24 MP: 2/2
   503 | D:1      | Reached skill level 4 in Shields
   905 | D:2      | Reached XP level 3. HP: 29/29 MP: 3/3
   946 | D:2      | Found an ancient bone altar of Kikubaaqudgha.
   984 | D:2      | Found a hide-covered altar of Uskayaw.
  1237 | D:2      | Reached XP level 4. HP: 34/36 MP: 4/4
  1720 | D:3      | Reached XP level 5. HP: 22/42 MP: 5/5
  1980 | D:3      | Reached skill level 5 in Shields
  2348 | D:4      | Reached XP level 6. HP: 47/48 MP: 6/6
  2411 | D:4      | Found a deep blue altar of Sif Muna.
  2530 | D:4      | Found a burning altar of Makhleb.
  2708 | D:4      | Reached skill level 1 in Throwing
  2761 | D:4      | Noticed Natasha
  2775 | D:4      | Killed Natasha
  2782 | D:4      | Found a blossoming altar of Fedhas.
  3108 | D:5      | Entered Level 5 of the Dungeon
  3117 | D:5      | Noticed an ogre
  3119 | D:5      | Killed an ogre
  3119 | D:5      | Reached XP level 7. HP: 54/54 MP: 7/7
  3168 | D:5      | Noticed a troll
  3178 | D:5      | HP: 1/54 [troll (10)]
  3178 | D:5      | Slain by a bullfrog zombie

Vault maps used:
D:1:      saegor_arrival_under_anarchy
D:2:      lemuel_doored_altar, nicolae_overflow_crystal_walls, first_bread,
          minivault_5
D:4:      kennysheep_mini_moat, makhleb_blood_cavern_becter, led_sif_pool,
          uniq_natasha
D:5:      nicolae_dithmenos_the_darkroom, hex_intersection, lemuel_statue_altar

Skill      XL: |  1  2  3  4  5  6 |
---------------+-------------------+-----
Shields        | 4 5 |  5.7
Axes           | 3 4 |  4.9
Fighting       | 4 |  4.0
Throwing       | 1 |  1.2
Armour         | |  3.9
Dodging        | |  0.5

Action                   |  1- 3 |  4- 6 |  7- 9 || total
-------------------------+-------+-------+-------++-------
Melee: War axe           |   124 |   136 |     5 ||   265
Throw: Javelin           |       |     2 |     4 ||     6
 Abil: Shaft Self        |       |       |     1 ||     1
  Eat: Chunk             |     1 |     6 |     1 ||     8
Armor: Scale mail        |    75 |    56 |    11 ||   142
Dodge: Dodged            |    60 |    55 |     3 ||   118
Block: Shield            |    83 |    65 |    14 ||   162
